cohdb
Replays
Latest Replays
All Replays
Popular Replays
Top Player Replays
Match Explorer
How It Works
Community
CoH3 Stats
Reddit
Sign in to upload your games and track your stats! →
Sign in with Steam
Match 41312056
Unlisted
Match 41312056
Overview
Messages
Build Orders
End
Scout Squad
Scout Squad
Selects Airborne Battlegroup
Selects Pathfinders
Construct Weapon Support Center
Construct Medical Station
Construct Weapon Support Center
Construct Weapon Support Center
M1919 Machine Gun Team
Selects Paratrooper Squad Paradrop
Paratrooper Squad Paradrop
Mechanized Support Center
Engineer Squad
Paratrooper Squad Paradrop
Construct Tank Depot
Paratrooper Squad Paradrop
M4A1 Sherman Medium Tank
Bran
DrewP
maracifio
Snort_lines_fuck_dimes
0
0
Comments
sign in to comment!
No comments posted yet!